 Dungeon Crawl Stone Soup version 0.28.0 (console) character file.

Game seed: 2032502606956577152

2631 jejorda2 the Slicer (level 9, -8/49 HPs)
             Began as a Vine Stalker Berserker on Feb 7, 2022.
             Was an Elder of Trog.
             Mangled by a vampire (16 damage)
             ... in a bailey.
             The game lasted 00:12:25 (5411 turns).

jejorda2 the Slicer (Vine Stalker Berserker)        Turns: 5411, Time: 00:12:26

Health: -8/49      AC: 20    Str: 25    XL:     9   Next: 61%
Magic:  0/10       EV:  7    Int: 12    God:    Trog [****..]
Gold:   191        SH:  0    Dex: 13    Spells: 8/8 levels left

rFire   . . .      SeeInvis .   a - +2 dagger (venom)
rCold   . . .      Faith    +   (no shield)
rNeg    . . .      Spirit   +   s - +8 plate armour of the Harp {Int+5}
rPois   .          Reflect  .   (no helmet)
rElec   .          Harm     .   (no cloak)
rCorr   .          Rampage  .   (no gloves)
Will    +++..                   (no boots)
Stlth   ..........              i - amulet of faith
HPRegen 1.96/turn               (no ring)
MPRegen 0.12/turn               (no ring)

@: mighty, strong-willed, on berserk cooldown, regenerating, slowed, very slow
A: fangs 3, regeneration 1, magic shield, antimagic bite, no potion heal 2
a: Renounce Religion, Berserk, Trog's Hand, Brothers in Arms


You were in a bailey.
You worshipped Trog.
Trog was greatly pleased with you.
You visited 1 branch of the dungeon, and saw 7 of its levels.
You also visited: Bailey.

You collected 191 gold pieces.

Inventory:

Hand Weapons
 a - a +2 dagger of venom (weapon)
Missiles
 g - 3 silver javelins
 h - 9 javelins (quivered)
 p - 47 stones
 r - 3 boomerangs
Armour
 s - the +8 plate armour of the Harp (worn) {Int+5}
   (You found it on level 4 of the Dungeon)

   Int:       It affects your intelligence (+5).
 v - the -4 cloak of Norab {Int+4}
   (You found it in a bailey)

   Int:       It affects your intelligence (+4).
 z - a +3 plate armour of poison resistance
Jewellery
 i - an amulet of faith (around neck)
Wands
 k - a wand of mindburst (7)
 w - a wand of flame (23)
 y - a wand of polymorph (11)
Scrolls
 c - a scroll of enchant weapon
 f - a scroll of vulnerability {unknown}
 j - a scroll of enchant armour {unknown}
 o - a scroll of amnesia {unknown}
 q - a scroll of blinking {unknown}
Potions
 b - 5 potions of degeneration
 d - 2 potions of berserk rage
 e - a potion of invisibility {unknown}
 l - 3 potions of flight
 m - a potion of heal wounds {unknown}
 n - a potion of magic {unknown}
 u - a potion of curing {unknown}
 x - a potion of lignification {unknown}


   Skills:
 + Level 6.4 Fighting
 * Level 8.8 Short Blades
 + Level 5.5 Armour
 - Level 1.5 Dodging


You had 8 spell levels left.
You didn't know any spells.
Your spell library was empty.

Dungeon Overview and Level Annotations

Branches:
Dungeon (8/15)             Bailey (1/1)
 Temple: D:4-7         Lair: D:8-11

Altars:


Innate Abilities, Weirdness & Mutations

You have razor-sharp teeth.
Your natural rate of healing is unusually fast.
When hurt, damage is shared between your health and your magic reserves.
Your bite disrupts and absorbs the magic of your enemies.
Potions cannot restore your health.


Message History

You destroy the vampire!
Trog accepts your kill.
Trog appreciates your killing of a magic user.
Something hits you.
Items here: ) [.
Found a sedimented silvery potion.
You feel a strong urge to attack something.
Something hits you. Something bites you but does no damage.
There is a large open door, spattered with blood here.
You completely miss something. You bite something. You closely miss something.
Something hits you!
* * * LOW HITPOINT WARNING * * *
Something bites you but does no damage.
You closely miss something. You hit something but do no damage.
You hit something but do no damage. Something hits you but does no damage.
Something bites you but does no damage.
You hit something. You hit something. You bite something! You drain its magic.
You feel invigorated.
You barely miss something. You closely miss something.
Your bite misses something. You hit something but do no damage.
You hit something. Something completely misses you. Something bites you!
* * * LOW HITPOINT WARNING * * *
Something draws strength from your injuries!
You miss something. You miss something. Your bite misses something.
You are no longer berserk.
You are exhausted.
You feel yourself slow down.
You closely miss something. Your bite misses something.
Something hits you but does no damage. Something bites you.
* * * LOW HITPOINT WARNING * * *
Something draws strength from your injuries!
You feel very mighty all of a sudden. Something hits you!
* * * LOW HITPOINT WARNING * * *
Something bites you but does no damage. Something hits you!
You die...

##[ !## #.. .8# #..
..# ############..#
#..#
..#8......8#...##...#
..#8.......##......#
.)#######...##.)..#
.)#8....##)..##'@###
#'#.....)#......{..#
..#.....)..........#
..#..)#....#########
..'...##..##.....8#
..)....####)......#
.)####...#....♣...#
..#..#...........#####
#'#..#...........#...#


There were no monsters in sight!

Vanquished Creatures
  A gargoyle (Bailey)
  A vampire (Bailey)
  Eustachio (D:4)
  Duvessa (D:7)
  An orc warrior (D:7)
  A sky beast (D:7)
  2 ice beasts
  2 necrophages (D:7)
  An ogre (D:7)
  A centaur (D:7)
  2 bullfrogs
  A wyvern zombie (D:7)
  A scorpion (D:7)
  Dowan (D:7)
  A water moccasin skeleton (D:4)
  9 wolf zombies (Bailey)
  5 vampire bats (Bailey)
  A centaur zombie (D:8)
  2 hounds
  Jessica (D:3)
  An iguana (D:4)
  An orc wizard (D:7)
  3 adders
  4 dart slugs
  5 orcs
  7 bats
  11 endoplasms
  4 giant cockroaches
  8 hobgoblins
  5 jackals
  5 quokkas
  5 ball pythons
  3 frilled lizards (D:1)
  13 goblins
  3 kobolds
  21 orc zombies (Bailey)
  7 rats
142 creatures vanquished.

Notes
Turn   | Place    | Note
-------+----------+-------------------------------------------
     0 | D:1      | jejorda2 the Vine Stalker Berserker began the quest for the
                  | Orb.
     0 | D:1      | Reached XP level 1. HP: 11/11 MP: 2/2
   407 | D:1      | Reached XP level 2. HP: 16/16 MP: 3/3
   427 | D:1      | Reached skill level 3 in Short Blades
   507 | D:1      | Found a faded altar of an unknown god.
  1367 | D:1      | Reached XP level 3. HP: 18/20 MP: 4/4
  1653 | D:2      | Reached ** piety under Trog
  2742 | D:2      | Gained mutation: Your natural rate of healing is unusually
                  | fast. [Vine Stalker growth]
  2742 | D:2      | Reached XP level 4. HP: 24/24 MP: 5/5
  3178 | D:3      | Noticed Jessica
  3195 | D:3      | Killed Jessica
  3253 | D:3      | Reached *** piety under Trog
  3297 | D:3      | Reached skill level 4 in Short Blades
  3521 | D:3      | Reached XP level 5. HP: 28/28 MP: 6/6
  4085 | D:4      | Identified the +8 plate armour of the Harp {Int+5}
  4085 | D:4      | Noticed Eustachio
  4102 | D:4      | Killed Eustachio
  4103 | D:4      | Reached XP level 6. HP: 33/33 MP: 7/7
  4230 | D:4      | Reached skill level 5 in Short Blades
  4428 | D:5      | Entered Level 5 of the Dungeon
  4465 | D:5      | You fall into a shaft and drop 3 floors!
  4484 | D:8      | Noticed an ice beast
  4490 | D:8      | Reached XP level 7. HP: 32/37 MP: 6/8
  4563 | D:7      | Noticed Duvessa
  4563 | D:7      | Noticed Dowan
  4571 | D:7      | Killed Duvessa
  4572 | D:7      | Reached skill level 6 in Short Blades
  4573 | D:7      | Killed Dowan
  4580 | D:7      | Gained mutation: You have razor-sharp teeth. [Vine Stalker
                  | growth]
  4580 | D:7      | Reached XP level 8. HP: 28/42 MP: 5/9
  4589 | D:7      | Reached skill level 5 in Fighting
  4687 | D:7      | Reached skill level 7 in Short Blades
  4753 | D:7      | Reached **** piety under Trog
  4765 | D:7      | Found a flagged portal.
  4794 | Bailey   | Entered a bailey
  4898 | Bailey   | Reached XP level 9. HP: 48/48 MP: 10/10
  4952 | Bailey   | Reached skill level 5 in Armour
  4968 | Bailey   | Reached skill level 8 in Short Blades
  5116 | Bailey   | Noticed a gargoyle
  5146 | Bailey   | Killed a gargoyle
  5226 | Bailey   | Identified the -4 cloak of Norab {Int+4}
  5411 | Bailey   | Mangled by a vampire

Illustrated notes

Levels and vault maps discovered:
D:1:      amcnicky_arrival_abandoned_market, layout_basic,
          dreamdust_ecumenical_altar_grove, serial_co_window_serial,
          co_window_paths_a, co_window_paths_a, co_window_paths_a,
          co_window_corner_a, co_window_corner_a, co_window_of_opportunity_b,
          co_window_broadway_b, co_window_corner_b, co_window_unsneaky_path_c,
          co_window_broadway_a, co_window_paths_d, glass_columns_a,
          glass_columns_a, glass_columns_b, glass_columns_c, glass_columns_a
D:2:      layout_basic
D:3:      minmay_diamond_boxcup, layout_loops_cross, uniq_jessica
D:4:      layout_cave_pools, uniq_eustachio
D:5:      layout_basic, marbit_many_paths
D:7:      layout_loops_ring, minmay_temple_entry_slanted, enter_bailey_5,
          uniq_duvessa, uniq_maggie
D:8:      layout_loops_cross, minmay_misc_feat_x, nicolae_elemental_shop
Bailey:   bailey_polearm_vampire_castle_hellmonk, bailey

Skill      XL: |  1  2  3  4  5  6  7  8  9 |
---------------+----------------------------+-----
Short Blades   | 3 4 5 6 7 8 |  8.8
Fighting       | 3 4 5 6 |  6.4
Armour         | 2 3 4 5 |  5.5
Dodging        | |  1.5

Action                   |  1- 3 |  4- 6 |  7- 9 || total
-------------------------+-------+-------+-------++-------
Melee: Short sword       |    17 |       |       ||    17
       Bite              |    39 |    36 |   114 ||   189
       Dagger            |   160 |   109 |   309 ||   578
       Punch             |     3 |     1 |     4 ||     8
Invok: Berserk           |     1 |     1 |     5 ||     7
       Trog's Hand       |       |     1 |     3 ||     4
  Use: Scroll            |       |       |     8 ||     8
       Potion            |       |       |     1 ||     1
Armor: Animal skin       |     8 |       |       ||     8
       Scale mail        |    40 |    32 |       ||    72
       Plate armour      |       |    11 |   166 ||   177
Dodge: Dodged            |    82 |    65 |    89 ||   236
